 Dungeon Crawl Stone Soup version 0.21-a0-184-g9126a74 (webtiles) character file.

17301 4thArraOfDagon the Cruncher (level 11, -8/95 HPs)
             Began as a Demigod Gladiator on Aug 10, 2017.
             Mangled by an orc knight
             ... wielding a cursed +0 battleaxe
              (16 damage)
             ... on level 2 of the Orcish Mines on Aug 11, 2017.
             The game lasted 00:38:15 (10960 turns).

4thArraOfDagon the Cruncher (Demigod Gladiator)    Turns: 10960, Time: 00:38:15

Health: -8/95      AC: 16    Str: 17    XL:     11   Next: 90%
Magic:  14/14      EV: 12    Int: 23    God:
Gold:   904        SH:  0    Dex: 17    Spells: 9/10 levels left

rFire    + . .     SeeInvis .   a - +0 quarterstaff
rCold    + . .     Gourm    .   (shield currently unavailable)
rNeg     . . .     Faith    .   I - +6 chain mail of Dim Light {*Contam rC+ Slay+5}
rPois    .         Spirit   .   c - +0 helmet
rElec    +         Reflect  .   (no cloak)
rCorr    +         Harm     .   G - +0 pair of gloves
MR       ++...                  n - +0 pair of boots
Stlth    ..........             (no amulet)
HPRegen  0.00/turn              s - ring of protection from magic
MPRegen  0.14/turn              P - ring "Boptauga" {rCorr rF+ Int+5}

@: no status effects
A: deformed body, high mp 1, mutation resistance 1, electricity resistance,
inhibited regeneration
a: no special abilities


You were on level 2 of the Orcish Mines.
You were not hungry.

You visited 2 branches of the dungeon, and saw 17 of its levels.
You also visited: Ice Cave.

You collected 1170 gold pieces.
You spent 266 gold pieces at shops.

Inventory:

Hand Weapons
 a - a +0 quarterstaff (weapon)
 y - a +0 blowgun
Missiles
 d - 2 throwing nets (quivered)
 z - 57 poisoned needles
Armour
 b - a +0 leather armour
 c - a +0 helmet (worn)
 n - a +0 pair of boots (worn)
 v - a +3 leather armour
 E - the +1 leather armour "Aprouth" {*Contam rC+ Dex+6}
   (You found it on level 9 of the Dungeon)

   It affects your dexterity (+6).
   It protects you from cold.
   It causes magical contamination when unequipped.
 G - a +0 pair of gloves (worn)
 I - the +6 chain mail of Dim Light (worn) {*Contam rC+ Slay+5}
   (You bought it in a shop on level 6 of the Dungeon)

   It affects your accuracy and damage with ranged weapons and melee attacks
   (+5).
   It protects you from cold.
   It causes magical contamination when unequipped.
 J - a +0 troll leather armour
Jewellery
 j - a +3 ring of intelligence
 o - the ring of Feecrad {*Contam rF- Int+8 Dex+2 Stlth+}
   (You found it in an ice cave)

   [ring of stealth]

   It affects your intelligence (+8).
   It affects your dexterity (+2).
   It makes you vulnerable to fire.
   It causes magical contamination when unequipped.
   It makes you more stealthy.
 s - a ring of protection from magic (left hand)
 x - a -3 ring of strength
 A - an uncursed ring of loudness
 C - a +4 ring of dexterity
 D - an uncursed amulet of inaccuracy
 F - a +3 ring of strength
 K - an uncursed ring of resist corrosion
 P - the ring "Boptauga" (right hand) {rCorr rF+ Int+5}
   (You found it in an ice cave)

   [ring of resist corrosion]

   It affects your intelligence (+5).
   It protects you from fire.
 R - a cursed -2 ring of intelligence
 S - an uncursed ring of poison resistance
 T - an uncursed ring of protection from fire
 U - an uncursed ring of protection from magic
Wands
 m - a wand of lightning (6/15)
 L - a wand of random effects (18/48)
 M - a wand of confusion (20/48)
 N - a wand of lightning (5/15)
 O - a wand of iceblast (1/15)
 Q - a wand of confusion (21/48)
Scrolls
 e - a scroll of magic mapping
 g - 2 scrolls of recharging
 l - 5 scrolls of remove curse
 q - a scroll of fog
 r - 2 scrolls of noise
 u - a scroll of enchant weapon
 w - a scroll of enchant armour
 H - a scroll of amnesia
Potions
 h - 2 potions of brilliance
 i - a potion of lignification
 p - a potion of agility
 V - a potion of flight
 W - a potion of berserk rage {unknown}
Books
 k - a book of Necromancy

   Spells                             Type                      Level
   a - Pain                           Necromancy                   1
   b - Animate Skeleton               Necromancy                   1
   c - Vampiric Draining              Necromancy                   3
   d - Regeneration                   Charms/Necromancy            3
   e - Animate Dead                   Necromancy                   4
   f - Control Undead                 Necromancy                   4
 B - a book of Callings

   Spells                             Type                      Level
   a - Summon Small Mammal            Summoning                    1
   b - Call Imp                       Summoning                    2
   c - Call Canine Familiar           Summoning                    3
   d - Summon Guardian Golem          Hexes/Summoning              3
   e - Summon Lightning Spire         Summoning/Air                4
   f - Summon Ice Beast               Ice/Summoning                4
 X - a book of Frost

   Spells                             Type                      Level
   a - Freeze                         Ice                          1
   b - Throw Frost                    Conjuration/Ice              2
   c - Ozocubu's Armour               Charms/Ice                   3
   d - Throw Icicle                   Conjuration/Ice              4
   e - Summon Ice Beast               Ice/Summoning                4
 Z - a book of Misfortune

   Spells                             Type                      Level
   a - Confusing Touch                Hexes                        1
   b - Confuse                        Hexes                        3
   c - Gell's Gravitas                Translocation                3
   d - Petrify                        Transmutation/Earth          4
   e - Metabolic Englaciation         Hexes/Ice                    5
   f - Yara's Violent Unravelling     Hexes/Transmutation          5
Miscellaneous
 Y - a phial of floods (inert)
Comestibles
 f - 10 bread rations
 t - 2 royal jellies


   Skills:
 + Level 8.6 Fighting
 * Level 12.2 Staves
 - Level 1.7 Throwing
 + Level 7.2 Armour
 + Level 9.1 Dodging


You had 9 spell levels left.
You knew the following spells:

 Your Spells              Type           Power        Failure   Level  Hunger
a - Apportation           Tloc           #.....       87%         1    ##.....


Dungeon Overview and Level Annotations

Branches:
Dungeon (15/15) Temple (0/1) D:6 Lair (0/6) D:11 Orc (2/2) D:9 Elf (0/3) Orc:2 Vaults (0/5) D:12 D:13 Depths: D:15

Shops:
D:6 [

Portals:
Trove: D:14 (give 2 scrolls of acquirement)

Annotations:
D:3 Sigmund
D:6 2 transporters
D:8 Erica
D:12 Frances
D:13 Urug


Innate Abilities, Weirdness & Mutations

You have an increased reservoir of magic. (+10% MP)
Armour fits poorly on your strangely shaped body.
You are somewhat resistant to further mutation.
You are resistant to electric shocks. (rElec)
You do not regenerate when monsters are visible.


Message History

You closely miss the orc knight.
The orc knight is heavily wounded.
The orc knight closely misses you.
You closely miss the orc knight.
The orc knight is heavily wounded.
You hit the orc knight but do no damage.
The orc knight is heavily wounded.
The orc knight hits you with a battleaxe!
You are too injured to fight recklessly!
You barely miss the orc knight.
The orc knight is heavily wounded.
You are too injured to fight recklessly!
You hit the orc knight but do no damage.
The orc knight is heavily wounded.
The orc knight hits you with a battleaxe!!
* * * LOW HITPOINT WARNING * * *
You closely miss the orc knight.
The orc knight is heavily wounded.
The orc knight hits you with a battleaxe!
You die...

####.....#..............#.....
##.......#....................#
#.<............................
##.......#.....#.............##
#.........................####
##...#.##.##..............#***
##...#####..........#....##.#
##.## #.........#)).......
*#.#* *#..@......##).#.....
#...# #...#o#...##.)....###
##.## #...##....###...###∩∩ ###
##.##(...## ##..#*,,,
###...########.#∩,,,
#...##....#*##,,,, ##.)[#....#
*,,,,, ##.#)....# *,,,,,
##.......#**,,,,,


You could see an orc knight.

Vanquished Creatures
  A centaur warrior (D:13)
  2 two-headed ogres
  An orc high priest (Orc:2)
  2 orc knights (Orc:2)
  An orc sorcerer (Orc:2)
  2 ugly things
  Joseph (D:9)
  A gargoyle (D:14)
  A kobold demonologist (D:11)
  A centaur skeleton (D:11)
  3 rime drakes
  2 tengu conjurers (D:14)
  3 trolls
  2 hippogriffs
  A wraith (D:14)
  A spriggan (D:10)
  2 wyverns
  4 humans (D:12)
  4 wargs
  2 acid dragons (D:14)
  A water moccasin (D:9)
  2 sky beasts
  A soldier ant (D:12)
  5 orc warriors
  3 black bears
  3 phantoms (D:6)
  19 ice beasts
  5 ogres
  A centaur (D:8)
  7 big kobolds
  9 bullfrogs
  A gnoll sergeant (D:9)
  A water moccasin zombie (D:10)
  4 scorpions
  2 wyvern skeletons
  14 wights
  5 howler monkeys
  5 crimson imps
  A bullfrog zombie (D:7)
  A centaur zombie (D:7)
  4 hounds
  3 jellies
  10 orc priests
  9 orc wizards
  2 bullfrog skeletons
  Natasha (D:2)
  3 iguanas
  10 worker ants
  A killer bee zombie (D:8)
  3 hound zombies
  2 hound skeletons (D:10)
  2 worker ant zombies
  6 adders
  5 gnolls (D:9)
  An ooze (D:1)
  An adder zombie (D:5)
  2 worms (D:2)
  2 dart slugs
  7 leopard geckos
  42 orcs
  5 giant cockroaches
  10 goblins
  2 hobgoblins
  5 jackals
  28 kobolds
  5 quokkas
  7 ball pythons
  7 bats
  4 frilled lizards
  A jackal skeleton (D:5)
  3 rats
  A spectral orc (D:8)
321 creatures vanquished.

Vanquished Creatures (collateral kills)
  An orc warrior (D:9)
1 creature vanquished.

Vanquished Creatures (others)
  An orc wizard (Orc:2)
  An orc (Orc:2)
2 creatures vanquished.

Grand Total: 324 creatures vanquished

Notes
Turn   | Place    | Note
-------+----------+-------------------------------------------
     0 | D:1      | 4thArraOfDagon the Demigod Gladiator began the quest for the Orb.
     0 | D:1      | Reached XP level 1. HP: 17/17 MP: 3/3
   239 | D:1      | Reached skill level 3 in Staves
   245 | D:1      | Reached XP level 2. HP: 24/24 MP: 4/4
   624 | D:2      | Reached XP level 3. HP: 11/29 MP: 5/5
   889 | D:2      | Noticed Natasha
   910 | D:2      | HP: 1/29 [Natasha (8)]
   922 | D:2      | Killed Natasha
   987 | D:2      | Found a glowing golden altar of the Shining One.
  1029 | D:2      | Reached XP level 4. HP: 25/37 MP: 6/6
  1132 | D:2      | Reached skill level 4 in Staves
  1369 | D:3      | Reached XP level 5. HP: 42/44 MP: 7/7
  1384 | D:3      | Noticed Sigmund
  1666 | D:4      | Reached XP level 6. HP: 16/51 MP: 8/8
  1674 | D:4      | Reached skill level 5 in Staves
  1947 | D:5      | Entered Level 5 of the Dungeon
  2336 | D:5      | Reached XP level 7. HP: 31/59 MP: 9/9
  2366 | D:5      | Reached skill level 6 in Staves
  2473 | D:6      | Found Osim's Antique Armour Emporium.
  2791 | D:7      | Reached skill level 5 in Dodging
  2809 | D:7      | Reached skill level 1 in Armour
  2947 | D:7      | Reached skill level 7 in Staves
  2947 | D:7      | Reached XP level 8. HP: 52/67 MP: 10/10
  3035 | D:8      | Found a radiant altar of Vehumet.
  3291 | D:9      | Got a smoking leather armour
  3302 | D:9      | Identified the +1 leather armour "Aprouth" {*Contam rC+ Dex+6} (You found it on level 9 of the Dungeon)
  3397 | D:10     | Entered Level 10 of the Dungeon
  3502 | D:10     | Gained mutation: You are partially covered in molten scales. (AC +2) [potion of mutation]
  3502 | D:10     | Gained mutation: Your mind is acute. (Int +2) [potion of mutation]
  3502 | D:10     | Gained mutation: You are robust. (+10% HP) [potion of mutation]
  3502 | D:10     | Gained mutation: You are partially covered in thin metallic scales. (AC +2) [potion of mutation]
  3806 | D:8      | Found a basalt altar of Yredelemnul.
  3857 | D:8      | Noticed Erica
  4063 | D:8      | Reached skill level 5 in Fighting
  4190 | D:8      | Noticed a hippogriff
  4416 | D:6      | Found a transporter.
  4430 | D:6      | Found a transporter.
  4553 | D:6      | Reached skill level 8 in Staves
  4567 | D:6      | Bought an encrusted chain mail for 266 gold pieces
  4725 | D:4      | Identified the +6 chain mail of Dim Light {*Contam rC+ Slay+5} (You bought it in a shop on level 6 of the Dungeon)
  4759 | D:4      | Gained mutation: Armour fits poorly on your strangely shaped body. [mutagenic glow]
  4865 | D:4      | Upgraded the game from 0.21-a0-179-gd2bfb5f to 0.21-a0-184-g9126a74
  5150 | D:7      | Reached XP level 9. HP: 81/81 MP: 11/11
  5181 | D:7      | Found a shadowy altar of Dithmenos.
  5181 | D:7      | Found a hazy altar of Hepliaklqana.
  5223 | D:7      | Found a shattered altar of Ashenzari.
  5321 | D:6      | Found a staircase to the Ecumenical Temple.
  5528 | D:9      | Found a staircase to the Orcish Mines.
  5557 | D:9      | Noticed Joseph
  5722 | D:10     | Reached skill level 9 in Staves
  5895 | D:10     | Noticed a deep troll
  6160 | D:11     | Noticed a brown ugly thing
  6189 | D:11     | Killed a brown ugly thing
  6189 | D:11     | Reached XP level 10. HP: 56/92 MP: 13/13
  6198 | D:11     | Lost mutation: Your mind is acute. (Int +2) [mutagenic meat]
  6311 | D:11     | Lost mutation: You are partially covered in molten scales. (AC +2) [potion of mutation]
  6311 | D:11     | Lost mutation: You are robust. (+10% HP) [potion of mutation]
  6311 | D:11     | Lost mutation: You are partially covered in thin metallic scales. (AC +2) [potion of mutation]
  6311 | D:11     | Gained mutation: You are somewhat resistant to further mutation. [potion of mutation]
  6605 | D:12     | Reached skill level 10 in Staves
  6605 | D:12     | Reached skill level 5 in Armour
  6609 | D:12     | Found a frozen archway.
  6638 | IceCv    | Entered an ice cave
  6970 | IceCv    | Noticed an ice statue
  6970 | IceCv    | Noticed an ice statue
  7039 | IceCv    | Noticed an ice dragon
  7040 | IceCv    | Noticed an ice dragon
  7085 | IceCv    | Got a clouded tin ring
  7087 | IceCv    | Got a scorched bronze ring
  7141 | IceCv    | Identified the ring of Feecrad {*Contam rF- Int+8 Dex+2 Stlth+} (You found it in an ice cave)
  7143 | IceCv    | Identified the ring "Boptauga" {rCorr rF+ Int+5} (You found it in an ice cave)
  7156 | IceCv    | Gained mutation: You do not regenerate when monsters are visible. [mutagenic glow]
  7522 | D:12     | Noticed a brown ugly thing
  7546 | D:12     | Noticed Frances
  7550 | D:12     | Killed a brown ugly thing
  7561 | D:12     | You fall through a shaft!
  7565 | D:13     | Gained mutation: You are resistant to electric shocks. (rElec) [mutagenic meat]
  7863 | D:13     | Noticed a centaur warrior
  7880 | D:13     | Killed a centaur warrior
  8002 | D:13     | Noticed a deep elf mage
  8032 | D:14     | Found a shimmering altar of Xom.
  8060 | D:15     | Entered Level 15 of the Dungeon
  8063 | D:15     | Noticed a fire dragon
  8168 | D:14     | Reached XP level 11. HP: 72/92 MP: 14/14
  8174 | D:14     | Reached skill level 11 in Staves
  8419 | D:13     | Noticed a seven-headed hydra
  8438 | D:14     | Learned a level 1 spell: Apportation
  8497 | D:14     | Noticed a death knight
  8525 | D:14     | Noticed a two-headed ogre
  8536 | D:14     | Killed a two-headed ogre
  8783 | D:14     | Found a portal to a secret trove of treasure.
  8864 | D:14     | Found an ancient bone altar of Kikubaaqudgha.
  8879 | D:13     | Found a gate to the Vaults.
  8879 | D:13     | Noticed a two-headed ogre
  8879 | D:13     | Noticed Urug
  8879 | D:13     | Noticed a centaur warrior
  8879 | D:13     | Noticed a six-headed hydra
  9370 | D:11     | Found a staircase to the Lair.
  9577 | D:9      | Killed Joseph
  9683 | D:9      | Found a deep blue altar of Sif Muna.
  9715 | Orc:1    | Entered Level 1 of the Orcish Mines
  9715 | Orc:1    | Found a bloodstained altar of Trog.
  9715 | Orc:1    | Noticed a two-headed ogre
  9726 | Orc:1    | Killed a two-headed ogre
  9838 | Orc:2    | Entered Level 2 of the Orcish Mines
  9992 | Orc:2    | Noticed an orc knight
 10021 | Orc:2    | Killed an orc knight
 10026 | Orc:2    | Reached skill level 12 in Staves
 10377 | Orc:2    | Noticed an orc high priest
 10412 | Orc:2    | Noticed a soul eater
 10413 | Orc:2    | Noticed a sun demon
 10429 | Orc:2    | HP: 4/95 [red devil/trident[an orc high priest] (2)]
 10431 | Orc:2    | Killed an orc high priest
 10792 | Orc:2    | Noticed an orc knight
 10833 | Orc:2    | Killed an orc knight
 10929 | Orc:2    | Noticed an orc knight
 10960 | Orc:2    | Mangled by an orc knight

Vault maps used:
D:1:      tarquinn_simple_flora_water_e
D:2:      tso_oasis_becter, minmay_pentomino_w4, uniq_natasha
D:3:      first_bread, wad_floor_pattern_2, st_stairs_9, uniq_sigmund
D:4:      minivault_4
D:5:      serial_bayou_lagoon_a
D:6:      gammafunk_steamed_eel, minmay_temple_entry_hall, serial_shops,
          nicolae_shop_trees, uniq_pikel
D:7:      evilmike_ruin_ashenzari, gammafunk_temple_overflow_wave
D:8:      old_standard_altar, yredelemnul_forgotten_temple_becter, uniq_erica
D:9:      lemuel_coloured_pillars_altar, serial_shops, shop, uniq_joseph
D:10:     the_bakery, hangedman_abyss_or_decor_stagger, kennysheep_island_fort
D:11:     erik_lair_orcish_takeover
D:12:     portal_ice_cave_rime, uniq_frances, uniq_psyche
D:13:     minmay_the_grid_octo_tiled_octocenter, david_vaults_3,
          grunt_qazlal_clouds, uniq_josephine
D:14:     lemuel_tele_altar, nicolae_trove_entry_free_sample, basic_altar
D:15:     hangedman_depths_entry_civil_slaughter, hangedman_decor_slide_cut,
          uniq_sonja
Orc:1:    minmay_goldmine, serial_shops, nicolae_shop_trees, bloody_trog
Orc:2:    grunt_orc_tribal_feast, uniq_snorg, uniq_erolcha
IceCv:    ice_cave_small_dragons

Skill      XL: |  1  2  3  4  5  6  7  8  9 10 11 |
---------------+----------------------------------+-----
Staves         | 3 4 5 7 8 9 10 12 | 12.2
Fighting       | 2 3 4 5 6 7 8 |  8.6
Dodging        | 3 4 5 6 7 8 9 |  9.1
Armour         | 1 3 4 5 7 |  7.2
Throwing       | |  1.7

Action                   |  1- 3 |  4- 6 |  7- 9 | 10-12 || total
-------------------------+-------+-------+-------+-------++-------
Melee: Quarterstaff      |   108 |   228 |   574 |   599 ||  1509
Throw: Throwing net      |       |       |     1 |     1 ||     2
Evoke: Wand              |       |       |     5 |    10 ||    15
       Phial of floods   |       |       |       |     1 ||     1
  Use: Potion            |     2 |     1 |     4 |     2 ||     9
       Scroll            |       |       |    19 |     9 ||    28
 Stab: Sleeping          |       |     1 |     1 |       ||     2
       Held in net/web   |       |       |     2 |     1 ||     3
       Distracted        |       |       |     2 |     1 ||     3
       Confused          |       |       |     1 |     6 ||     7
  Eat: Chunk             |     1 |     4 |     3 |     6 ||    14
       Meat ration       |       |       |     2 |     1 ||     3
       Royal jelly       |       |       |       |     6 ||     6
Armor: Leather armour    |    33 |    79 |    83 |       ||   195
       Chain mail        |       |       |   126 |   260 ||   386
       Skin              |       |       |    19 |       ||    19
Dodge: Dodged            |    90 |   132 |   325 |   275 ||   822
